 Dungeon Crawl Stone Soup version 0.26-a0-651-gb41185065b (webtiles) character file.

Game seed: 16571196624748832728

23 Lanoc the Grasshopper (level 3, 0/31 HPs)
             Began as a Gnoll Warper on Oct 18, 2020.
             Slain by an orc
             ... wielding a +0 mace
              (5 damage)
             ... on level 3 of the Dungeon.
             The game lasted 00:01:24 (911 turns).

Lanoc the Grasshopper (Gnoll Warper)                 Turns: 911, Time: 00:01:25

Health: 0/31       AC:  3    Str: 13    XL:     3   Next: 0%
Magic:  9/9        EV: 14    Int: 16    God:
Gold:   54         SH:  0    Dex: 14    Spells: 8/11 levels left

rFire    . . .     SeeInvis .   c - +0 glaive
rCold    . . .     Faith    .   (shield currently unavailable)
rNeg     . . .     Spirit   .   b - +0 leather armour
rPois    .         Reflect  .   (no helmet)
rElec    .         Harm     .   (no cloak)
rCorr    .         Rampage  .   (no gloves)
MR       .....                  (no boots)
Stlth    +.........             (no amulet)
HPRegen  0.10/turn              (no ring)
MPRegen  0.11/turn              (no ring)

@: no status effects
A: distributed training, fangs 1, strong nose
a: no special abilities


You were on level 3 of the Dungeon.
You visited 1 branch of the dungeon, and saw 3 of its levels.

You collected 54 gold pieces.

Inventory:

Hand Weapons
 c - a +0 glaive (weapon)
Missiles
 e - 5 boomerangs of dispersal (quivered)
Armour
 b - a +0 leather armour (worn)
 i - a +0 kite shield
Scrolls
 d - 2 scrolls of blinking
 g - a scroll of identify {unknown}
 j - a scroll of noise {unknown}
Potions
 a - a potion of invisibility {unknown}
 f - a potion of curing {unknown}
 h - a potion of flight {unknown}
 k - a potion of stabbing {unknown}


   Skills:
 + Level 4.5 Fighting
 + Level 0.5 Short Blades
 + Level 0.5 Long Blades
 + Level 0.5 Axes
 + Level 0.5 Maces & Flails
 + Level 4.5 Polearms
 + Level 0.5 Staves
 + Level 0.5 Slings
 + Level 0.5 Bows
 + Level 0.5 Crossbows
 + Level 2.5 Throwing
 + Level 2.5 Armour
 + Level 4.5 Dodging
 + Level 0.5 Stealth
 + Level 0.5 Shields
 + Level 0.5 Unarmed Combat
 + Level 4.9 Spellcasting
 + Level 0.4 Conjurations
 + Level 0.4 Hexes
 + Level 0.4 Summonings
 + Level 0.4 Necromancy
 + Level 5.4 Translocations
 + Level 0.4 Transmutations
 + Level 0.4 Fire Magic
 + Level 0.4 Ice Magic
 + Level 0.4 Air Magic
 + Level 0.4 Earth Magic
 + Level 0.4 Poison Magic
 + Level 0.7 Invocations
 + Level 0.5 Evocations


You had 8 spell levels left.
You knew the following spells:

 Your Spells              Type           Power        Failure   Level
a - Apportation           Tloc           ###...       2%          1
b - Blink                 Tloc           N/A          3%          2

Your spell library contained the following spells:

 Spells                   Type           Power        Failure   Level
 Gell's Gravitas          Tloc           ###.......   6%          3
 Lesser Beckoning         Tloc           ###.......   6%          3
 Teleport Other           Tloc           ###.....     6%          3
 Animate Skeleton         Necr           #.....       17%         1
 Corona                   Hex            #......      17%         1
 Summon Small Mammal      Summ           #...         17%         1
 Passage of Golubria      Tloc           N/A          22%         4


Dungeon Overview and Level Annotations

Branches:
Dungeon (3/15)

Altars:


Innate Abilities, Weirdness & Mutations

Your experience applies equally to all skills.
You have very sharp teeth.
Your uncanny sense of smell can sniff out nearby items.


Message History

You see here a goblin corpse.
Okay, then.
You hit the quokka. Your bite misses the quokka.
The quokka is heavily wounded.
The quokka bites you.
* * * LOW HITPOINT WARNING * * *
The quokka misses you.
You slash the quokka!
You kill the quokka!
You slash the orc!
You kill the orc!
You have reached level 3!
Your experience leads to an increase in your attributes!
Increase (S)trength, (I)ntelligence, or (D)exterity?
You feel clever.
An orc is nearby!
You hit the orc.
The orc is almost dead.
The orc hits you with a +0 mace.
You die...

#......(...<..
#.............
######........
#........ #).......
#<.......
######........
#######.............
#.o@....####.######+
#.####.....#.#
#....#.###.#.#
###..#.# #.#
###..#.# #..
#....#.. ###
#o###### #.o......
#..######


You could see an orc.

Vanquished Creatures
  An orc (D:3)
  A bat (D:3)
  2 giant cockroaches (D:3)
  6 goblins
  A hobgoblin (D:3)
  A quokka (D:3)
  2 ball pythons (D:3)
  A giant cockroach zombie (D:3)
  2 kobolds
  3 rats
20 creatures vanquished.

Vanquished Creatures (others)
  2 plants (D:2)
2 creatures vanquished.

Grand Total: 22 creatures vanquished

Notes
Turn   | Place    | Note
-------+----------+-------------------------------------------
     0 | D:1      | Lanoc the Gnoll Warper began the quest for the Orb.
     0 | D:1      | Reached XP level 1. HP: 20/20 MP: 6/6
   215 | D:2      | Reached XP level 2. HP: 26/26 MP: 7/7
   576 | D:3      | Learned a level 2 spell: Blink
   645 | D:3      | Learned a level 1 spell: Apportation
   910 | D:3      | Reached XP level 3. HP: 5/31 MP: 9/9
   911 | D:3      | Slain by an orc

Illustrated notes

Levels and vault maps discovered:
D:1:      dpeg_arrival_rooms_with_view, layout_basic, serial_co_window_serial,
          co_window_corner_a, co_window_of_opportunity_a, co_window_corner_a,
          co_window_corner_a, co_window_paths_a, co_window_paths_b,
          co_window_corner_cb, co_window_corner_ca, co_window_broadway_a,
          glass_columns_b, glass_columns_b, glass_columns_b, glass_columns_a,
          glass_columns_c, chequers_mini_garden
D:2:      layout_basic, serial_forest, infiniplex_forest_lined_room_3,
          infiniplex_forest_clump_curved, infiniplex_forest_clump_long,
          infiniplex_forest_straight_2, infiniplex_forest_clump_curved,
          infiniplex_forest_straight_2, hex_intersection, minivault_4,
          kennysheep_another_room, uniq_sigmund
D:3:      layout_basic

Action                   || total
-------------------------++-------
Melee: Spear             ||     6
       Glaive            ||    50
       Bite              ||     3
Armor: Leather armour    ||    20
Dodge: Dodged            ||    39

Table legend: (Time is in decaauts)
 A = Elapsed time spent in this place.
 B = Non-inter-level travel time spent in this place.
 C = Inter-level travel time spent in this place.
 D = Time resting spent in this place.
 E = Time spent auto-exploring this place.
 F = Levels seen in this place.
 G = Mean time per level.
                   A        B        C        D        E       F      G
               +--------+--------+--------+--------+--------+-----+--------+
         Total |    933 |    865 |     68 |      0 |    698 |   3 |  311.0 |
       Dungeon |    933 |    865 |     68 |      0 |    698 |   3 |  311.0 |
               +--------+--------+--------+--------+--------+-----+--------+

Top non-repeatable levels by time:
     D:3: 638 daAuts
     D:2: 216 daAuts
     D:1: 78 daAuts
